 Dungeon Crawl Stone Soup version 0.21.1-1-g345015f (webtiles) character file.

10308 bosm the Slicer (level 11, -3/72 HPs)
             Began as a Kobold Hunter on Apr 1, 2018.
             Was a Follower of Uskayaw.
             Slain by an ogre mage
             ... wielding a +0 halberd
              (4 damage)
             ... on level 2 of the Orcish Mines on Apr 2, 2018.
             The game lasted 00:39:32 (10475 turns).

bosm the Slicer (Kobold Hunter)                    Turns: 10475, Time: 00:39:33

Health: -3/72      AC: 18    Str: 14    XL:     11   Next: 90%
Magic:  15/15      EV: 19    Int: 16    God:    Uskayaw [*.....]
Gold:   478        SH:  0    Dex: 19    Spells: 6/10 levels left

rFire    . . .     SeeInvis .   a - +2 dagger (venom)
rCold    . . .     Gourm    .   (shield restricted)
rNeg     + + .     Faith    .   t - +3 ring mail
rPois    +         Spirit   .   s - +4 helmet of Pathos {rElec Int+3}
rElec    +         Reflect  .   D - +0 cloak
rCorr    .         Harm     .   h - +2 pair of gloves
MR       +++..     Clarity  +   o - +0 pair of boots
Stlth    ++++......             q - amulet of the Four Winds {rN+ MR+++ Clar}
HPRegen  0.22/turn              p - ring of positive energy
MPRegen  0.14/turn              k - ring of poison resistance

@: mighty
A: small, carnivore
a: Stomp, Renounce Religion


You were on level 2 of the Orcish Mines.
You worshipped Uskayaw.
Uskayaw was noncommittal.
You were very full.

You visited 4 branches of the dungeon, and saw 14 of its levels.

You collected 739 gold pieces.
You spent 261 gold pieces at shops.

Inventory:

Hand Weapons
 a - a +2 dagger of venom (weapon)
 w - a +2 hand crossbow
Missiles
 d - 25 bolts
 B - 2 throwing nets (quivered)
Armour
 h - a +2 pair of gloves (worn)
 o - a +0 pair of boots (worn)
 s - the +4 helmet of Pathos (worn) {rElec Int+3}
   (You found it on level 8 of the Dungeon)

   It affects your intelligence (+3).
   It insulates you from electricity.
 t - a +3 ring mail (worn)
 u - a +0 buckler
 D - a +0 cloak (worn)
Jewellery
 k - a ring of poison resistance (right hand)
 p - a ring of positive energy (left hand)
 q - the amulet of the Four Winds (around neck) {rN+ MR+++ Clar}
   (You found it on level 6 of the Dungeon)

   [amulet of nothing]

   It protects you from negative energy.
   It affects your resistance to hostile enchantments.
   It protects you against confusion.
 v - an uncursed ring of flight
Wands
 b - a wand of random effects (50)
 e - a wand of polymorph (12)
 n - a wand of iceblast (28)
 y - a wand of scattershot (2)
 z - a wand of enslavement (13)
Scrolls
 c - a scroll of teleportation
 i - 9 scrolls of identify
 l - 5 scrolls of remove curse
 m - 3 scrolls of magic mapping
 r - a scroll of enchant armour
 A - 4 scrolls of amnesia
 C - 3 scrolls of enchant weapon
Potions
 g - 2 potions of curing
 j - 3 potions of brilliance
Miscellaneous
 F - a lightning rod (3/4)
Comestibles
 f - 33 rations


   Skills:
 * Level 10.1 Fighting
 * Level 11.4 Short Blades
 - Level 10.0 Crossbows
 + Level 8.3 Dodging
 + Level 8.8 Stealth
 + Level 5.6 Invocations


You had 6 spell levels left.
You knew the following spells:

 Your Spells              Type           Power        Failure   Level  Hunger
a - Apportation           Tloc           #.....       45%         1    ##.....
b - Mephitic Cloud        Conj/Pois/Air  #.......     83%         3    ####...


Dungeon Overview and Level Annotations

Branches:
Dungeon (10/15)            Temple (1/1) D:4            Lair (0/6) D:10
    Orc (2/2) D:10            Elf (1/3) Orc:2

Altars:
Ashenzari
Cheibriados
Dithmenos
Elyvilon
Fedhas
Gozag
Hepliaklqana
Kikubaaqudgha
Makhleb
Nemelex Xobeh
Okawaru
Qazlal
Ru
Sif Muna
Trog
Uskayaw
Vehumet
Wu Jian
Xom
Yredelemnul
Zin
The Shining One

Shops:
D:7 *   Orc:2 :*(

Annotations:
D:9 exclusion: oklob plant
Orc:2 Josephine


Innate Abilities, Weirdness & Mutations

You are small and have problems with some larger weapons.
You are carnivorous and can eat meat at any time.


Message History

The two-headed ogre closely misses you.
You can now pass through a line of other dancers.
The ogre mage casts a spell at something.
The two-headed ogre hits you but does no damage.
The two-headed ogre hits you with a giant spiked club!!
* * * LOW HITPOINT WARNING * * *
The ogre mage casts a spell at the two-headed ogre.
The two-headed ogre seems to speed up.
Okay, then.
The two-headed ogre misses you.
The two-headed ogre closely misses you. x2
The two-headed ogre misses you. The troll bites you.
* * * LOW HITPOINT WARNING * * *
The troll claws you but does no damage. The troll claws you.
* * * LOW HITPOINT WARNING * * *
You can no longer pass through a line of other dancers.
The two-headed ogre hits you with a giant club.
* * * LOW HITPOINT WARNING * * *
The two-headed ogre closely misses you.
The two-headed ogre barely misses you. x2
The ogre mage hits you from afar with a halberd.
You die...

##........
##.......##
#.........## #
#.........# .#
##......#.# ...
#.....O..# ...#
##..##T#O##....#
#...##.O.#.....#
##.#..OO@O......
#...O.O...##...
#............#
##..............
###............
##......##....#.
#........#......
#<..............
#OOO........


You could see 4 two-headed ogres, an ogre mage, a troll and 3 ogres.

Vanquished Creatures
  The ghost of Serooblart the Fighter, a novice MiBe of Trog (D:8)
  A two-headed ogre (Orc:1)
  2 orc sorcerers
  A cyclops (D:10)
  An elephant (D:10)
  A queen bee (D:8)
  Grinder (D:6)
  3 hippogriffs
  4 yaks
  A basilisk (D:10)
  A hungry ghost (D:9)
  Edmund (D:4)
  A warg (D:10)
  A water moccasin (D:7)
  An ice beast (D:9)
  A sky beast (D:5)
  7 orc warriors
  3 phantoms
  An eye of draining (D:9)
  A necrophage (D:7)
  5 ogres
  A centaur (D:6)
  A crocodile (D:10)
  A big kobold (D:9)
  5 bullfrogs
  A water moccasin zombie (D:9)
  5 scorpions
  15 killer bees (D:8)
  16 wights
  A howler monkey (D:5)
  2 electric eels (D:7)
  4 crimson imps
  2 hounds
  A jelly (D:10)
  2 centaur skeletons (D:8)
  3 orc priests
  10 orc wizards
  A bullfrog skeleton (D:5)
  An iguana (D:8)
  5 worker ants
  A hound zombie (D:6)
  2 hound skeletons
  2 worker ant zombies
  A gnoll (D:7)
  A howler monkey skeleton (D:9)
  11 adders
  4 shadow imps
  An adder zombie (D:5)
  5 worms
  2 adder skeletons
  2 dart slugs
  5 leopard geckos
  27 orcs
  A ball python (D:2)
  5 giant cockroaches
  8 hobgoblins
  10 jackals
  6 quokkas
  7 bats
  4 frilled lizards
  5 goblins
  A jackal zombie (D:7)
  13 kobolds
  A quokka zombie (D:5)
  3 rats
244 creatures vanquished.

Vanquished Creatures (others)
  An ogre (Orc:2)
  10 fungi (Orc:2)
11 creatures vanquished.

Grand Total: 255 creatures vanquished

Notes
Turn   | Place    | Note
-------+----------+-------------------------------------------
     0 | D:1      | bosm the Kobold Hunter began the quest for the Orb.
     0 | D:1      | Reached XP level 1. HP: 12/12 MP: 1/1
   164 | D:1      | Reached skill level 5 in Crossbows
   166 | D:1      | Reached XP level 2. HP: 17/18 MP: 2/2
   262 | D:1      | Reached skill level 1 in Short Blades
   625 | D:2      | Reached XP level 3. HP: 22/22 MP: 3/3
   736 | D:2      | Found a snail-covered altar of Cheibriados.
   801 | D:2      | Found a stormy altar of Qazlal.
   866 | D:2      | Reached XP level 4. HP: 14/27 MP: 4/4
  1392 | D:3      | Noticed an ogre
  1482 | D:3      | Killed an ogre
  1482 | D:3      | Reached skill level 2 in Short Blades
  1482 | D:3      | Reached XP level 5. HP: 31/32 MP: 5/5
  1633 | D:3      | Found a sparkling altar of Nemelex Xobeh.
  1633 | D:3      | Found an opulent altar of Gozag.
  1638 | D:3      | Found a radiant altar of Vehumet.
  1691 | D:3      | Found a shadowy altar of Dithmenos.
  1869 | D:3      | Reached XP level 6. HP: 37/37 MP: 6/6
  1987 | D:4      | Reached skill level 3 in Short Blades
  2038 | D:4      | Found a shattered altar of Ashenzari.
  2067 | D:4      | Found a staircase to the Ecumenical Temple.
  2076 | Temple   | Entered the Ecumenical Temple
  2098 | Temple   | Became a worshipper of Uskayaw the Reveler
  2257 | D:4      | Noticed Edmund
  2260 | D:4      | Reached * piety under Uskayaw
  2261 | D:4      | Reached ** piety under Uskayaw
  2275 | D:4      | Killed Edmund
  2275 | D:4      | Reached XP level 7. HP: 34/43 MP: 7/7
  2412 | D:4      | Reached skill level 4 in Short Blades
  2549 | D:5      | Entered Level 5 of the Dungeon
  2703 | D:5      | Reached XP level 8. HP: 30/48 MP: 8/8
  2765 | D:5      | Reached *** piety under Uskayaw
  2776 | D:5      | Reached **** piety under Uskayaw
  2787 | D:5      | Reached skill level 5 in Short Blades
  2812 | D:5      | Reached skill level 5 in Fighting
  3318 | D:5      | Reached skill level 5 in Dodging
  3549 | D:6      | Found a bloodstained altar of Trog.
  3753 | D:6      | Noticed Grinder
  3755 | D:6      | Found the amulet of the Four Winds {rN+ MR+++ Clar}
  3756 | D:6      | Killed Grinder
  3756 | D:6      | Reached skill level 6 in Short Blades
  3756 | D:6      | Reached XP level 9. HP: 55/55 MP: 9/9
  3994 | D:6      | Found a glowing golden altar of the Shining One.
  4358 | D:7      | Found an iron altar of Okawaru.
  4366 | D:7      | Reached skill level 1 in Invocations
  4371 | D:7      | Found Dappalit's Assorted Antiques.
  4415 | D:7      | Bought a smoking ring mail for 261 gold pieces
  4415 | D:7      | Identified the +0 ring mail of Indemnity {rCorr MP-9 Str+2} (You bought it in a shop on level 7 of the Dungeon)
  4530 | D:7      | Reached skill level 7 in Short Blades
  4814 | D:7      | Got a warped ring mail
  4825 | D:7      | Identified the +1 ring mail of Uhioxol {Int+4} (You found it on level 7 of the Dungeon)
  4937 | D:7      | Found a sacrificial altar of Ru.
  5049 | D:7      | Reached skill level 5 in Stealth
  5122 | D:7      | Noticed a hippogriff
  5143 | D:7      | Killed a hippogriff
  5157 | D:7      | HP: 2/56 [electric eel/bolt of electricity (10)]
  5879 | D:8      | Got an ancient helmet
  5890 | D:8      | Identified the +4 helmet of Pathos {rElec Int+3} (You found it on level 8 of the Dungeon)
  5901 | D:8      | Found a shimmering altar of Xom.
  6034 | D:8      | Reached XP level 10. HP: 57/63 MP: 11/11
  6133 | D:8      | Reached skill level 8 in Short Blades
  6536 | D:8      | Reached skill level 10 in Crossbows
  6700 | D:8      | Reached skill level 9 in Short Blades
  6893 | D:8      | Noticed Serooblart's ghost (novice MiBe)
  7605 | D:8      | Killed Serooblart's ghost
  7605 | D:8      | Reached XP level 11. HP: 30/69 MP: 8/14
  8106 | D:9      | Reached skill level 10 in Short Blades
  8136 | D:9      | Found an opulent altar of Gozag.
  8178 | D:9      | Reached ***** piety under Uskayaw
  8299 | D:9      | Learned a level 1 spell: Apportation
  8303 | D:9      | Learned a level 3 spell: Mephitic Cloud
  8761 | D:9      | Found a blossoming altar of Fedhas.
  8774 | D:9      | Noticed an oklob plant
  8852 | D:10     | Entered Level 10 of the Dungeon
  8991 | D:10     | Found a staircase to the Lair.
  8991 | D:10     | Noticed an elephant
  9019 | D:10     | Killed an elephant
  9065 | D:10     | Reached skill level 5 in Invocations
  9142 | D:10     | Noticed a cyclops
  9149 | D:10     | Killed a cyclops
  9457 | D:10     | Found a staircase to the Orcish Mines.
  9464 | D:10     | Reached skill level 11 in Short Blades
  9829 | Orc:1    | Entered Level 1 of the Orcish Mines
  9829 | Orc:1    | Noticed an orc sorcerer
  9834 | Orc:1    | Killed an orc sorcerer
  9959 | Orc:2    | Entered Level 2 of the Orcish Mines
  9961 | Orc:2    | Noticed an ogre mage
  9962 | Orc:2    | Noticed a two-headed ogre
  9962 | Orc:2    | Noticed a two-headed ogre
  9966 | Orc:2    | Noticed a two-headed ogre
  9967 | Orc:2    | Noticed a two-headed ogre
  9977 | Orc:2    | Noticed a two-headed ogre
  9996 | Orc:1    | Killed a two-headed ogre
  9996 | Orc:1    | Reached skill level 10 in Fighting
 10423 | Orc:2    | Found Zack's General Store.
 10423 | Orc:2    | Found Vydemop's Antique Weapon Shoppe.
 10423 | Orc:2    | Noticed an orc high priest
 10423 | Orc:2    | Noticed an orc sorcerer
 10423 | Orc:2    | Noticed an orc knight
 10423 | Orc:2    | Noticed an orc sorcerer
 10423 | Orc:2    | Noticed an orc warlord
 10424 | Orc:2    | Noticed an orc sorcerer
 10424 | Orc:2    | Noticed an orc sorcerer
 10424 | Orc:2    | Noticed an orc sorcerer
 10424 | Orc:2    | Noticed an orc high priest
 10424 | Orc:2    | Noticed an orc knight
 10424 | Orc:2    | Noticed an orc high priest
 10424 | Orc:2    | Noticed an orc sorcerer
 10429 | Orc:2    | Noticed a soul eater
 10430 | Orc:2    | Noticed a soul eater
 10430 | Orc:2    | Found Taqeluta's Book Emporium.
 10431 | Orc:2    | Noticed an orc knight
 10441 | Orc:2    | Found a staircase to the Elven Halls.
 10442 | Orc:2    | Noticed Josephine
 10442 | Orc:2    | Noticed an orc warlord
 10442 | Orc:2    | Killed an orc sorcerer
 10449 | Elf:1    | Entered Level 1 of the Elven Halls
 10449 | Elf:1    | Noticed a deep elf mage
 10449 | Elf:1    | Noticed a deep elf mage
 10449 | Elf:1    | Noticed a deep elf mage
 10450 | Elf:1    | Noticed a deep elf mage
 10450 | Elf:1    | Noticed a deep elf mage
 10475 | Orc:2    | HP: 1/72 [two-headed ogre/giant club (5)]
 10475 | Orc:2    | Slain by an ogre mage

Skill      XL: |  1  2  3  4  5  6  7  8  9 10 11 |
---------------+----------------------------------+-----
Crossbows      | 5 6 7 8 9 10 | 10.0
Short Blades   | 1 2 3 4 6 7 9 11 | 11.4
Dodging        | 3 4 5 6 7 8 |  8.3
Fighting       | 3 4 5 7 8 10 | 10.1
Stealth        | 3 4 5 7 8 |  8.8
Invocations    | 2 4 5 |  5.6

Action                   |  1- 3 |  4- 6 |  7- 9 | 10-12 || total
-------------------------+-------+-------+-------+-------++-------
Melee: Short sword       |    19 |    78 |       |       ||    97
       Dagger            |       |    68 |   359 |   757 ||  1184
       Hand crossbow     |       |       |     1 |       ||     1
 Fire: Hand crossbow     |    64 |    35 |   135 |    85 ||   319
Invok: Stomp             |       |       |     1 |     1 ||     2
       Line Pass         |       |       |       |     1 ||     1
Evoke: Wand              |       |       |     1 |       ||     1
       Lightning rod     |       |       |       |     2 ||     2
  Use: Scroll            |     3 |     2 |     9 |     9 ||    23
       Potion            |       |       |     8 |     3 ||    11
 Stab: Sleeping          |       |     1 |     6 |     3 ||    10
       Paralysed         |       |       |     1 |    20 ||    21
       Confused          |       |       |       |     1 ||     1
       Distracted        |       |       |       |     1 ||     1
  Eat: Chunk             |       |    12 |    10 |    22 ||    44
Armor: Leather armour    |     9 |       |       |       ||     9
       Ring mail         |    13 |    39 |   132 |   195 ||   379
Dodge: Dodged            |    77 |    99 |   215 |   488 ||   879
